AoeStats
← 1Pac

Baltic

510280703Analyzed
3v3 RM · 3d ago on Sep 30, 2026· 28m 24s· 6 players
Game mode
Random Map
Map size
Normal (6 player)
Population
200
Speed
Normal
Resources
Standard
Victory
Conquest
Starting age
Dark Age
Ending age
Imperial Age
RankedLock teamsTeams togetherTeam positionsShared explorationLock speedFull tech treeHidden civsTurbo modeCheats
Victory
Defeat
🇦🇺 Portuguese · Australia
1193
+10
🇦🇺 Magyars · Australia
1166
+11
🇦🇺 Britons · Australia
1120
+14
🇹🇼 Khitans · Taiwan
1078
-12
🇩🇪 Khmer · Germany
1066
-12
🇲🇲 Spanish · Myanmar (Burma)
1034
-11
hactor
10:26 Feudal Age
10:26 Loom
11:08 Double-Bit Axe
18:25 Castle Age
16:40 Horse Collar
17:21 Gold Mining
18:32 Bloodlines
21:43 Town Watch
22:40 Wheelbarrow
22:31 Stone Mining
寶島岡山之鬼
3:53 Loom
12:42 Feudal Age
13:08 Double-Bit Axe
14:36 Domestication
16:46 Wheelbarrow
21:35 Castle Age
19:33 Fletching
19:44 Padded Archer Armor
20:12 Town Watch
21:49 Heavy Cavalry Archer
22:36 Thumb Ring
22:42 Bodkin Arrow
23:02 Leather Archer Armor
23:01 Husbandry
CookMan
11:14 Feudal Age
20:05 Horse Collar
20:36 Padded Archer Armor
21:30 Fletching
Ombudsman
9:14 Loom
11:33 Feudal Age
14:19 Fletching
16:39 Castle Age
14:52 Fishing Lines
15:49 Double-Bit Axe
16:38 Horse Collar
17:57 Medium Warships
18:34 Bodkin Arrow
20:09 Heavy Plow
25:54 Wheelbarrow
25:59 Bow Saw
25:41 Stone Mining
25:41 Gold Mining
27:50 Hand Cart
28:23 Ballistics
1Pac
8:46 Loom
11:01 Feudal Age
15:55 Double-Bit Axe
20:46 Castle Age
22:11 Medium Warships
24:59 Bloodlines
25:17 Horse Collar
26:17 Husbandry
27:12 Scale Barding Armor
26:59 Town Watch
27:00 Fishing Lines
27:55 Bow Saw
Moriarty
1:01 Loom
12:43 Feudal Age
13:15 Double-Bit Axe
22:51 Castle Age
20:44 Arson
20:54 Horse Collar
21:30 Fishing Lines
22:02 Scale Mail Armor
22:13 Forging
23:37 Wheelbarrow
22:43 Man-at-Arms
23:55 Bow Saw
23:55 Long Swordsman
26:46 Fletching
Connection lost

Rejoining the realm…

Still unreachable

The connection could not be restored.

Session expired

The server has moved on; the page needs a fresh start.